Map: New Gettysburg LE

Players

HateMe

  • Race: Zerg Zerg
  • League: Master
  • Spawn Location: 5:00

IlIlIlIlIlIl (Naniwa) - Winner!

  • Race: Protoss Protoss
  • League: Master
  • Spawn Location: 7:00

VOD

Have the link to the VOD?

Description

Time

  • Played on: Oct. 26, 2016, 12:52 p.m.
  • Length: 21:06
Show
View Real Time Build Order
Export as new Build Order

HateMe Zerg 

Build Orders: Hatch First 

Get SALT Encoding   

  12  0:01  Drone  
  13  0:14  Overlord  
  13  0:20  Drone  
  14  0:33  Drone x2  
  16  0:37  Drone  
  17  0:58  Drone  
  17  0:59  Hatchery  
  17  1:02  Drone  
  18  1:05  Extractor  
  17  1:17  Spawning Pool  
  16  1:20  Drone  
  16  1:23  Drone  
  18  1:32  Drone  
  19  1:43  Overlord  
  19  1:53  Drone  
  20  2:04  Queen  
  20  2:07  Metabolic Boost  
  22  2:10  Zergling x2  
  22  2:11  Queen  
  22  2:14  Drone  
  27  2:15  Drone  
  27  2:22  Drone  
  28  2:25  Drone  
  29  2:39  Hatchery, Drone  
  29  2:43  Drone  
  30  2:44  Drone  
  30  2:47  Drone  
  32  2:54  Overlord  
  32  2:58  Queen  
  34  3:02  Drone  
  35  3:05  Drone  
  35  3:11  Overlord  
  36  3:13  Zergling x6  
  36  3:16  Zergling x2  
  40  3:20  Drone  
  40  3:25  Drone x2  
  40  3:26  Drone  
  44  3:32  Overlord  
  43  3:36  Drone  
  42  3:43  Drone x2  
  42  3:45  Drone  
  42  3:46  Drone x2  
  47  3:51  Overlord  
  47  3:52  Drone  
  47  3:54  Zergling x2  
  49  4:00  Evolution Chamber  
  49  4:01  Zergling x6  
  51  4:04  Overlord  
  51  4:05  Drone x2  
  53  4:14  Extractor  
  53  4:16  Drone  
  53  4:17  Overlord  
  53  4:22  Drone x4  
  53  4:23  Drone  
  56  4:27  Drone  
  56  4:30  Zerg Melee Weapons Level 1  
  55  4:34  Overlord  
  55  4:35  Drone x4  
  59  4:38  Spore Crawler  
  59  4:39  Spore Crawler  
  59  4:41  Spore Crawler  
  59  4:42  Drone  
  59  4:45  Drone x2  
  58  4:47  Drone  
  58  4:48  Drone  
  61  4:56  Roach Warren, Overlord  
  59  5:00  Drone x3  
  59  5:02  Drone  
  59  5:05  Lair  
  63  5:12  Overlord  
  64  5:14  Drone x5  
  64  5:17  Overlord  
  67  5:23  Extractor  
  67  5:24  Overlord  
  67  5:25  Extractor x2, Drone  
  67  5:26  Drone x3  
  68  5:29  Zergling x8  
  68  5:34  Zergling x8  
  76  5:48  Drone  
  76  5:49  Drone x2  
  79  5:50  Hatchery, Drone  
  79  5:51  Drone x2  
  81  6:02  Baneling Nest, Overlord  
  81  6:03  Drone x2  
  80  6:04  Spire, Drone  
  80  6:05  Drone x2  
  78  6:12  Drone x2  
  78  6:17  Spore Crawler  
  78  6:25  Drone x8  
  81  6:30  Zerg Melee Weapons Level 2  
  84  6:36  Queen  
  84  6:37  Overlord  
  86  6:48  Centrifical Hooks, Drone x2  
  86  6:50  Drone  
  86  6:53  Hatchery  
  88  6:58  Overlord  
  88  6:59  Overlord  
  88  7:11  Drone x3  
  88  7:12  Drone, Extractor  
  88  7:13  Drone x11  
  101  7:22  Drone  
  102  7:24  Zerg Flyer Weapons Level 1  
  102  7:26  Hatchery, Extractor  
  102  7:27  Extractor  
  97  7:32  Drone x5  
  97  7:33  Drone x2  
  97  7:34  Drone x2  
  106  7:39  Hatchery  
  105  7:44  Drone x4  
  105  7:45  Overlord  
  108  7:51  Spore Crawler  
  108  7:53  Corruptor x4  
  108  7:58  Baneling x6  
  113  8:00  Corruptor x2  
  113  8:04  Overlord  
  117  8:05  Corruptor  
  117  8:08  Corruptor  
  117  8:11  Hydralisk Den, Corruptor  
  122  8:16  Corruptor  
  122  8:17  Corruptor  
  124  8:29  Corruptor x5  
  133  8:36  Spore Crawler, Overseer  
  133  8:37  Spore Crawler  
  133  8:38  Spore Crawler  
  133  8:40  Corruptor x2  
  134  8:49  Zergling x2  
  134  8:50  Zergling x20  
  134  8:53  Overlord  
  134  8:54  Spore Crawler  
  144  8:55  Zergling x2  
  144  8:56  Zergling x6  
  144  8:58  Zergling x4  
  151  9:02  Zergling x2  
  151  9:03  Zergling x8  
  155  9:12  Muscular Augments, Infestation Pit  
  155  9:13  Zerg Missile Weapons Level 1  
  155  9:16  Overlord  
  154  9:18  Zergling x2  
  154  9:19  Zergling x14  
  160  9:26  Overseer  
  160  9:27  Overseer  
  160  9:29  Overlord  
  160  9:30  Drone x5  
  160  9:31  Drone x5  
  168  9:36  Baneling x2  
  168  9:39  Baneling x3  
  168  9:40  Baneling x3  
  168  9:50  Baneling x8  
  168  9:52  Hive  
  162  10:00  Baneling x5  
  131  10:24  Hydralisk x4  
  131  10:25  Hydralisk x22  
  131  10:28  Hydralisk x2  
  174  10:33  Hydralisk x2  
  178  10:40  Spore Crawler  
  178  10:41  Spore Crawler  
  172  10:43  Spore Crawler, Hydralisk x4  
  172  10:47  Hydralisk x2  
  172  10:49  Hydralisk  
  183  10:51  Hydralisk  
  183  10:54  Hydralisk  
  189  11:01  Hydralisk  
  189  11:02  Hydralisk x2  
  162  11:11  Hydralisk x3  
  162  11:12  Hydralisk  
  162  11:15  Zergling x18, Queen  
  162  11:16  Queen x3  
  162  11:18  Overlord x2  
  185  11:23  Zerg Missile Weapons Level 2  
  185  11:26  Extractor  
  185  11:28  Spore Crawler, Overlord x2  
  185  11:29  Spore Crawler  
  185  11:31  Spore Crawler  
  181  11:34  Hatchery  
  176  11:44  Viper  
  176  11:45  Viper  
  176  11:50  Viper  
  176  11:52  Drone x3  
  181  12:02  Extractor  
  181  12:03  Extractor  
  181  12:08  Drone x7  
  180  12:09  Drone x6  
  180  12:10  Drone x2  
  180  12:11  Drone x2  
  180  12:12  Drone x3  
  199  12:16  Spore Crawler  
  199  12:17  Ultralisk Cavern, Greater Spire  
  199  12:18  Spore Crawler  
  199  12:21  Baneling x10  
  199  12:22  Baneling  
  196  12:23  Zergling x6  
  196  12:26  Spore Crawler  
  196  12:27  Spore Crawler  
  196  12:28  Spore Crawler  
  196  12:30  Spore Crawler  
  196  12:33  Spore Crawler  
  196  12:34  Spore Crawler  
  194  12:37  Zergling x12  
  196  12:47  Viper x2  
  197  12:57  Spore Crawler  
  197  12:58  Spore Crawler x2  
  194  12:59  Spore Crawler  
  194  13:00  Spore Crawler x2  
  194  13:01  Spore Crawler  
  194  13:05  Spore Crawler x2  
  189  13:08  Chitinous Plating  
  189  13:11  Corruptor x5  
  198  13:16  Hatchery  
  198  13:17  Baneling x6  
  198  13:18  Baneling x5  
  197  13:20  Drone x2  
  197  13:23  Overseer  
  199  13:32  Zerg Flyer Armor Level 1  
  199  14:01  Hatchery  
  198  14:07  Spore Crawler  
  198  14:08  Spore Crawler x3  
  198  14:09  Drone  
  195  14:10  Spore Crawler, Drone x5  
  195  14:12  Spore Crawler  
  195  14:14  Spore Crawler x2  
  195  14:15  Spore Crawler x2  
  194  14:18  Spore Crawler  
  194  14:19  Drone x3  
  194  14:20  Drone x3  
  199  14:27  Spore Crawler  
  198  14:32  Zerg Melee Weapons Level 3  
  198  14:33  Spire  
  198  14:37  Drone x2  
  198  14:52  Corruptor x13  
  197  15:09  Corruptor  
  192  15:50  Hydralisk  
  192  15:51  Hydralisk x3  
  194  16:19  Zerg Flyer Weapons Level 2  
  194  16:20  Zerg Flyer Armor Level 2  
  194  16:25  Extractor  
  193  16:26  Extractor  
  193  16:31  Zergling x2  
  193  16:32  Zergling x14  
  191  16:54  Hydralisk x4  
  197  17:08  Spore Crawler  
  197  17:09  Spore Crawler  
  197  17:10  Spore Crawler  
  197  17:11  Spore Crawler x2  
  197  17:12  Spore Crawler, Pneumatized Carapace  
  197  17:13  Spore Crawler, Hydralisk x5  
  197  17:14  Spore Crawler x2  
  194  17:32  Ultralisk  
  185  18:01  Ultralisk x2  
  189  18:08  Corruptor x7  
  189  18:12  Spore Crawler  
  198  18:15  Overseer  
  198  18:21  Overseer x3  
  198  18:31  Zergling x6  
  199  18:47  Ultralisk  
  190  18:55  Hydralisk x15  
  177  18:58  Hydralisk x10  
  177  18:59  Hydralisk  
  200  19:07  Extractor, Hydralisk x3  
  200  19:08  Extractor  
  198  19:16  Ultralisk x2  
  184  19:17  Overlord  
  184  19:18  Overlord, Hydralisk  
  184  19:19  Hydralisk x6  
  192  19:29  Overlord x2  
  192  19:35  Overlord x2  
  173  19:48  Hydralisk  
  173  19:49  Hydralisk x12  
  189  19:54  Overseer x3  
  189  19:55  Overseer x2  
  185  20:19  Overlord x2  
  174  20:29  Overlord x2  
  172  20:35  Hatchery  
  172  20:40  Hatchery  
Show
View Real Time Build Order
Export as new Build Order

IlIlIlIlIlIl Protoss - Winner!

Build Orders: Nexus First, Carriers 

Get SALT Encoding   

  12  0:01  Probe (Chrono Boost)  
  13  0:11  Probe (Chrono Boost)  
  14  0:18  Pylon  
  14  0:23  Probe (Chrono Boost)  
  15  0:36  Probe (Chrono Boost)  
  16  0:47  Probe (Chrono Boost)  
  17  0:58  Probe (Chrono Boost)  
  18  1:04  Nexus  
  18  1:15  Gateway  
  18  1:17  Probe (Chrono Boost)  
  19  1:24  Assimilator  
  19  1:28  Probe (Chrono Boost)  
  19  1:30  Assimilator  
  20  1:38  Probe (Chrono Boost)  
  21  1:43  Gateway  
  21  1:49  Probe (Chrono Boost)  
  22  1:59  Probe (Chrono Boost)  
  23  2:03  Cybernetics Core  
  23  2:16  Probe (Chrono Boost)  
  23  2:17  Probe (Chrono Boost)  
  27  2:27  Probe x2 (Chrono Boost)  
  29  2:37  Probe (Chrono Boost)  
  29  2:38  Probe (Chrono Boost)  
  29  2:40  Warp Gate  
  29  2:41  Adept (Chrono Boost)  
  29  2:42  Adept (Chrono Boost)  
  33  2:48  Mothership Core (Chrono Boost)  
  33  2:49  Probe  
  36  2:52  Pylon  
  36  2:58  Pylon  
  36  3:01  Probe (Chrono Boost)  
  37  3:12  Probe (Chrono Boost)  
  40  3:13  Adept x2, Probe (Chrono Boost)  
  43  3:20  Stargate  
  43  3:22  Probe (Chrono Boost)  
  43  3:23  Probe (Chrono Boost)  
  45  3:31  Assimilator  
  45  3:33  Probe (Chrono Boost), Assimilator  
  46  3:36  Probe (Chrono Boost)  
  47  3:44  Adept x2, Probe (Chrono Boost)  
  47  3:47  Probe (Chrono Boost)  
  51  3:51  Pylon x2  
  51  3:57  Probe x2 (Chrono Boost)  
  53  4:08  Probe x2  
  53  4:09  Oracle (Chrono Boost)  
  58  4:13  Pylon  
  58  4:18  Probe  
  58  4:20  Probe  
  60  4:30  Fleet Beacon  
  54  4:33  Stargate  
  54  4:38  Probe  
  54  4:40  Probe  
  54  4:42  Oracle (Chrono Boost)  
  59  4:49  Adept x2  
  63  5:04  Nexus  
  63  5:05  Pylon  
  63  5:06  Probe  
  63  5:07  Probe  
  63  5:12  Pylon  
  65  5:24  Probe  
  65  5:25  Probe, Carrier (Chrono Boost)  
  73  5:33  Carrier (Chrono Boost)  
  79  5:36  Probe  
  79  5:37  Probe  
  79  5:41  Assimilator  
  81  5:46  Protoss Air Weapons Level 1  
  81  5:50  Probe x2  
  83  5:58  Forge  
  83  6:02  Probe x2  
  85  6:13  Graviton Catapult  
  85  6:25  Probe x2  
  85  6:28  Assimilator  
  85  6:31  Stargate  
  83  6:34  Probe  
  83  6:37  Probe x2  
  86  6:40  Pylon  
  86  6:42  Pylon, Carrier (Chrono Boost)  
  86  6:44  Probe  
  93  6:49  Probe  
  93  6:52  Carrier (Chrono Boost)  
  100  7:00  Photon Cannon  
  100  7:01  Protoss Shields Level 1  
  100  7:06  Photon Cannon  
  100  7:07  Adept x2  
  102  7:11  Photon Cannon  
  102  7:21  Carrier (Chrono Boost)  
  102  7:22  Probe x2  
  110  7:24  Probe  
  111  7:34  Probe x2  
  111  7:36  Probe  
  114  7:39  Pylon  
  114  7:40  Pylon  
  114  7:41  Pylon  
  114  7:42  Twilight Council  
  113  8:01  Carrier (Chrono Boost)  
  113  8:03  Pylon  
  119  8:07  Nexus, Carrier (Chrono Boost)  
  119  8:12  Pylon  
  125  8:14  Protoss Air Weapons Level 2 (Chrono Boost)  
  125  8:25  Zealot x2  
  125  8:28  Probe  
  125  8:29  Probe x2  
  127  8:37  Void Ray (Chrono Boost)  
  131  8:52  Photon Cannon  
  131  8:56  Photon Cannon  
  131  8:58  Protoss Shields Level 2  
  131  9:02  Pylon  
  131  9:13  Void Ray (Chrono Boost)  
  135  9:17  Void Ray (Chrono Boost)  
  139  9:26  Void Ray (Chrono Boost)  
  143  9:44  Templar Archives  
  143  9:45  Gateway  
  143  9:47  Gateway  
  143  9:52  Photon Cannon  
  143  9:55  Photon Cannon  
  143  10:04  Adept x2  
  145  10:10  Probe x3  
  122  10:18  Gateway  
  122  10:20  Pylon  
  111  10:37  Probe x3  
  114  10:42  High Templar  
  114  10:43  High Templar  
  114  10:46  Gateway x2  
  114  10:47  Archon  
  114  10:49  Probe  
  119  10:51  Probe  
  119  10:52  Probe  
  121  11:01  Probe  
  122  11:09  Psionic Storm  
  122  11:15  Probe  
  122  11:16  Probe x2  
  122  11:17  Assimilator x2  
  125  11:29  High Templar x4  
  133  12:01  Nexus  
  133  12:03  Pylon  
  133  12:05  High Templar x3  
  133  12:06  High Templar  
  141  12:14  Pylon  
  141  12:15  Archon x2  
  141  12:22  Pylon  
  147  12:23  Pylon  
  147  12:35  Photon Cannon  
  147  12:36  Photon Cannon  
  147  12:38  Pylon  
  147  12:44  Protoss Air Armor Level 1  
  147  12:53  High Templar x4, Pylon  
  147  12:57  Archon  
  155  13:07  Probe x2, Assimilator  
  155  13:08  Pylon  
  157  13:13  Probe  
  157  13:14  Probe, Assimilator  
  157  13:19  Probe x2  
  161  13:26  Gateway x2  
  161  13:28  High Templar x2  
  161  13:29  Pylon  
  161  13:31  High Templar x2  
  161  13:32  Archon  
  169  13:35  Archon  
  169  13:45  Probe  
  169  13:46  Probe x3  
  173  13:51  Protoss Shields Level 3  
  173  14:00  Tempest (Chrono Boost)  
  177  14:04  Tempest (Chrono Boost)  
  181  14:15  Tempest (Chrono Boost)  
  185  14:41  Photon Cannon  
  185  14:43  Photon Cannon  
  185  14:45  Photon Cannon  
  185  14:47  Photon Cannon  
  181  14:57  Nexus, Pylon  
  181  14:59  Pylon  
  181  15:04  Tempest (Chrono Boost)  
  185  15:10  Protoss Air Armor Level 2  
  185  15:20  Tempest x2 (Chrono Boost)  
  193  15:41  Tempest (Chrono Boost)  
  193  16:16  Oracle (Chrono Boost)  
  193  16:17  Tempest (Chrono Boost)  
  197  16:27  Assimilator x2  
  197  16:36  Pylon  
  197  17:18  Protoss Air Weapons Level 3  
  197  17:38  Stargate  
  197  17:40  Stargate  
  197  17:41  Stargate  
  197  17:44  Stargate  
  197  17:45  Stargate  
  197  18:21  Photon Cannon  
  197  18:23  Photon Cannon  
  197  18:25  Photon Cannon  
  197  18:27  Photon Cannon  
  197  18:29  Photon Cannon  
  197  18:32  Photon Cannon  
  197  18:40  Photon Cannon  
  197  18:43  Photon Cannon  
  197  18:51  Nexus  
  196  19:02  Adept  
  191  19:38  Pylon  
  191  19:40  Assimilator x2  
  191  19:54  High Templar x3  
  191  19:55  High Templar  
  198  20:25  Archon  
  190  20:30  High Templar  
  190  20:32  High Templar x4  
  200  20:41  Robotics Facility  
Tags
 
Add a new tag
Caveats
  • Supply blocks, unpowered buildings, or Contaminate may cause inaccurate times.
  • Supply counts are checked every 10 seconds.